TOP OF THE 1ST |
Lansing Lugnuts batting - Pitching for Beloit Snappers : RHP Theodore Behr
|
Pitching: RHP Theodore Behr
|
|
Batting: RHB Elliot Manfredini
|
0-0: Ground out 5-3 (Groundball, 56S, EV 66.9 MPH)
|
Batting: RHB Finn Ross
|
0-0: Swinging Strike 0-1: Swinging Strike 0-2: Ball 1-2: Ground out 4-3 (Groundball, 4M, EV 89.4 MPH)
|
Batting: LHB Cedric Saunders
|
0-0: Ball 1-0: Called Strike 1-1: Fly out, F8 (Line Drive, 8RD, EV 93.8 MPH)
|
Top of the 1st over - 0 runs, 0 hits, 0 errors, 0 left on base; Lansing 0 - Beloit 0 |
BOTTOM OF THE 1ST |
Beloit Snappers batting - Pitching for Lansing Lugnuts : RHP Omar Torres
|
Pitching: RHP Omar Torres
|
|
Batting: RHB Willie de los Santos
|
0-0: Ball 1-0: Ball 2-0: Ball 3-0: Called Strike 3-1: Swinging Strike 3-2: SINGLE (Groundball, 6MD, EV 95.0 MPH)
|
Batting: RHB Dan Boylan
|
0-0: Foul Ball, location: 2F 0-1: Ball 1-1: Swinging Strike 1-2: Strikes out swinging
|
Batting: RHB Diwan Abdul-Salam
|
0-0: Ball Willie de los Santos steals 2nd base 1-0: Called Strike 1-1: Foul Ball, location: 2F 1-2: Foul Ball, location: 2F 1-2: Ball 2-2: Ball 3-2: SINGLE (Groundball, 3D, EV 102.5 MPH) Willie de los Santos to third
|
Batting: RHB Scott Wiggs
|
0-0: Ball 1-0: Ball 2-0: Swinging Strike 2-1: Swinging Strike 2-2: Strikes out swinging
|
Batting: RHB Manny Vizzerra
|
0-0: Ball 1-0: Fielders Choice at 2nd, 6-4 (Groundball, 6, EV 82.5 MPH)
|
Bottom of the 1st over - 0 runs, 2 hits, 0 errors, 2 left on base; Lansing 0 - Beloit 0 |
TOP OF THE 2ND |
Lansing Lugnuts batting - Pitching for Beloit Snappers : RHP Theodore Behr
|
Batting: SHB Jose Garcia
|
0-0: Called Strike 0-1: Ground out 4-3 (Groundball, 4S, EV 82.5 MPH)
|
Batting: RHB Takanibu Kaneshiro
|
0-0: Ball 1-0: Called Strike 1-1: Swinging Strike 1-2: Foul Ball, location: 2F 1-2: Ball 2-2: Foul Ball, location: 2F 2-2: Foul Ball, location: 2F 2-2: Strikes out swinging
|
Batting: LHB Dan Martinez
|
0-0: Ball 1-0: Swinging Strike 1-1: Called Strike 1-2: Ball 2-2: Foul Ball, location: 2F 2-2: Ball 3-2: Base on Balls
|
Batting: RHB Ivan Ramirez
|
0-0: Called Strike 0-1: Fly out, F7 (Flyball, 78S, EV 88.1 MPH)
|
Top of the 2nd over - 0 runs, 0 hits, 0 errors, 1 left on base; Lansing 0 - Beloit 0 |
BOTTOM OF THE 2ND |
Beloit Snappers batting - Pitching for Lansing Lugnuts : RHP Omar Torres
|
Batting: RHB Kyle Waters
|
0-0: Ball 1-0: SINGLE (Groundball, 56D, EV 106.9 MPH)
|
Batting: LHB Raita Inouye
|
0-0: Ball 1-0: Called Strike 1-1: Swinging Strike 1-2: Strikes out swinging
|
Batting: RHB Rick Linders
|
0-0: Fly out, F8 (Flyball, 8LS, EV 73.8 MPH)
|
Batting: RHB Jim Conrad
|
0-0: Called Strike 0-1: Fly out, F4 (Flyball, 34D, EV 82.5 MPH)
|
Bottom of the 2nd over - 0 runs, 1 hit, 0 errors, 1 left on base; Lansing 0 - Beloit 0 |
TOP OF THE 3RD |
Lansing Lugnuts batting - Pitching for Beloit Snappers : RHP Theodore Behr
|
Batting: RHB Luis Reyes
|
0-0: Ball 1-0: Called Strike 1-1: Ball 2-1: Foul Ball, location: 2F 2-2: Ball 3-2: Ground out 3-1 (Groundball, 34S, EV 80.0 MPH)
|
Batting: RHB Darren McCarty Jr.
|
0-0: Swinging Strike 0-1: Swinging Strike 0-2: Strikes out looking
|
Batting: RHB Elliot Manfredini
|
0-0: Called Strike 0-1: Foul Ball, location: 2F 0-2: SOLO HOME RUN (Flyball, 7D, EV 91.9 MPH), Distance : 352 ft
|
Batting: RHB Finn Ross
|
0-0: Called Strike 0-1: Ball 1-1: Foul Ball, location: 2F 1-2: Fly out, F9 (Flyball, 9S, EV 91.9 MPH)
|
Top of the 3rd over - 1 run, 1 hit, 0 errors, 0 left on base; Lansing 1 - Beloit 0 |
BOTTOM OF THE 3RD |
Beloit Snappers batting - Pitching for Lansing Lugnuts : RHP Omar Torres
|
Batting: RHB Willie de los Santos
|
0-0: Swinging Strike 0-1: Called Strike 0-2: Ball 1-2: Ball 2-2: Strikes out looking
|
Batting: RHB Dan Boylan
|
0-0: Ball 1-0: Called Strike 1-1: Ball 2-1: Ball 3-1: Ground out 6-3 (Groundball, 56, EV 91.2 MPH)
|
Batting: RHB Diwan Abdul-Salam
|
0-0: Swinging Strike 0-1: Foul Ball, location: 2F 0-2: Foul Ball, location: 2F 0-2: Ball 1-2: Ball 2-2: Foul Ball, location: 2F 2-2: Strikes out swinging
|
Bottom of the 3rd over - 0 runs, 0 hits, 0 errors, 0 left on base; Lansing 1 - Beloit 0 |
TOP OF THE 4TH |
Lansing Lugnuts batting - Pitching for Beloit Snappers : RHP Theodore Behr
|
Batting: LHB Cedric Saunders
|
0-0: Ball 1-0: Ball 2-0: Ball 3-0: Base on Balls
|
Batting: SHB Jose Garcia
|
0-0: Swinging Strike 0-1: Called Strike 0-2: Ball 1-2: Strikes out swinging
|
Batting: RHB Takanibu Kaneshiro
|
0-0: Called Strike Cedric Saunders steals 2nd base 0-1: Called Strike 0-2: Ground out 6-3 (Groundball, 6, EV 77.5 MPH) Cedric Saunders to third
|
Batting: LHB Dan Martinez
|
0-0: Foul Ball, location: 2F 0-1: Ground out 6-3 (Groundball, 6, EV 82.5 MPH)
|
Top of the 4th over - 0 runs, 0 hits, 0 errors, 1 left on base; Lansing 1 - Beloit 0 |
BOTTOM OF THE 4TH |
Beloit Snappers batting - Pitching for Lansing Lugnuts : RHP Omar Torres
|
Batting: RHB Scott Wiggs
|
0-0: Called Strike 0-1: SOLO HOME RUN (Flyball, 7D, EV 100.0 MPH), Distance : 374 ft
|
Batting: RHB Manny Vizzerra
|
0-0: Ball 1-0: Called Strike 1-1: Swinging Strike 1-2: Foul Ball, location: 2F 1-2: Ball 2-2: Ball 3-2: SOLO HOME RUN (Flyball, 9D, EV 94.4 MPH), Distance : 355 ft
|
Batting: RHB Kyle Waters
|
0-0: Called Strike 0-1: Ball 1-1: Swinging Strike 1-2: Strikes out swinging
|
Batting: LHB Raita Inouye
|
0-0: Ground out 3-1 (Groundball, 34, EV 80.6 MPH)
|
Batting: RHB Rick Linders
|
0-0: Ball 1-0: Foul Ball, location: 2F 1-1: Hit by Pitch
|
Batting: RHB Jim Conrad
|
0-0: Called Strike 0-1: Ball 1-1: Foul Ball, location: 2F 1-2: Ball 2-2: Ball 3-2: Ground out 5-3 (Groundball, 56, EV 83.8 MPH)
|
Bottom of the 4th over - 2 runs, 2 hits, 0 errors, 1 left on base; Lansing 1 - Beloit 2 |
TOP OF THE 5TH |
Lansing Lugnuts batting - Pitching for Beloit Snappers : RHP Theodore Behr
|
Pitching: RHP Roberto Benavides
|
|
Batting: RHB Ivan Ramirez
|
0-0: Foul Ball, location: 2F 0-1: Called Strike 0-2: Foul Ball, location: 2F 0-2: Strikes out looking
|
Batting: RHB Luis Reyes
|
0-0: Ball 1-0: Called Strike 1-1: Foul Ball, location: 2F 1-2: Foul Ball, location: 2F 1-2: Strikes out swinging, 2-3 out at first.
|
Batting: RHB Darren McCarty Jr.
|
0-0: Swinging Strike 0-1: Foul Ball, location: 2F 0-2: Foul Ball, location: 2F 0-2: Foul Ball, location: 2F 0-2: Ball 1-2: Foul Ball, location: 2F 1-2: Strikes out looking
|
Top of the 5th over - 0 runs, 0 hits, 0 errors, 0 left on base; Lansing 1 - Beloit 2 |
BOTTOM OF THE 5TH |
Beloit Snappers batting - Pitching for Lansing Lugnuts : RHP Omar Torres
|
Batting: RHB Willie de los Santos
|
0-0: Ball 1-0: Ball 2-0: Ground out 5-3 (Groundball, 56, EV 105.0 MPH)
|
Batting: RHB Dan Boylan
|
0-0: Ball 1-0: Foul Ball, location: 2F 1-1: Called Strike 1-2: Strikes out swinging
|
Batting: RHB Diwan Abdul-Salam
|
0-0: Swinging Strike 0-1: Ball 1-1: Fly out, F9 (Flyball, 9S, EV 83.8 MPH)
|
Bottom of the 5th over - 0 runs, 0 hits, 0 errors, 0 left on base; Lansing 1 - Beloit 2 |
TOP OF THE 6TH |
Lansing Lugnuts batting - Pitching for Beloit Snappers : RHP Roberto Benavides
|
Batting: RHB Elliot Manfredini
|
0-0: Ball 1-0: Ground out 6-3 (Groundball, 56, EV 75.6 MPH)
|
Batting: RHB Finn Ross
|
0-0: Called Strike 0-1: Ball 1-1: Ground out 5-3 (Groundball, 56S, EV 66.9 MPH)
|
Batting: LHB Cedric Saunders
|
0-0: Foul Ball, location: 2F 0-1: Ball 1-1: Swinging Strike 1-2: Foul Ball, location: 2F 1-2: Strikes out looking
|
Top of the 6th over - 0 runs, 0 hits, 0 errors, 0 left on base; Lansing 1 - Beloit 2 |
BOTTOM OF THE 6TH |
Beloit Snappers batting - Pitching for Lansing Lugnuts : RHP Omar Torres
|
Batting: RHB Scott Wiggs
|
0-0: Ball 1-0: Ball 2-0: Called Strike 2-1: Foul Ball, location: 2F 2-2: Foul Ball, location: 2F 2-2: Fly out, F6 (Popup, 15, EV 73.1 MPH)
|
Batting: RHB Manny Vizzerra
|
0-0: Called Strike 0-1: Swinging Strike 0-2: Ball 1-2: Ball 2-2: Foul Ball, location: 2F 2-2: Ball 3-2: Strikes out looking
|
Batting: RHB Kyle Waters
|
0-0: Ball 1-0: Ground out 6-3 (Groundball, 6, EV 89.4 MPH)
|
Bottom of the 6th over - 0 runs, 0 hits, 0 errors, 0 left on base; Lansing 1 - Beloit 2 |
TOP OF THE 7TH |
Lansing Lugnuts batting - Pitching for Beloit Snappers : RHP Roberto Benavides
|
Batting: SHB Jose Garcia
|
0-0: Ball 1-0: Foul Ball, location: 2F 1-1: Ball 2-1: Ball 3-1: Foul Ball, location: 2F 3-2: Reached on error, E4 (Groundball, 4, EV 105.0 MPH)
|
Batting: RHB Takanibu Kaneshiro
|
0-0: Ball 1-0: Swinging Strike 1-1: Foul Ball, location: 2F 1-2: Strikes out swinging
|
Batting: LHB Dan Martinez
|
0-0: Ball 1-0: Ball 2-0: Foul Ball, location: 2F 2-1: Called Strike 2-2: Ball 3-2: Strikes out swinging
|
Pinch Hitting: LHB David Ramirez
|
0-0: Ball 1-0: Ball 2-0: Ball 3-0: Base on Balls
|
Batting: RHB Luis Reyes
|
0-0: Called Strike 0-1: Foul Ball, location: 2F 0-2: Ball 1-2: Ball 2-2: Fielders Choice at 2nd, 5-4 (Groundball, 5L, EV 87.5 MPH)
|
Top of the 7th over - 0 runs, 0 hits, 1 error, 2 left on base; Lansing 1 - Beloit 2 |
BOTTOM OF THE 7TH |
Beloit Snappers batting - Pitching for Lansing Lugnuts : RHP Omar Torres
|
Now in RF: David Ramirez
|
|
Batting: LHB Raita Inouye
|
0-0: Called Strike 0-1: Swinging Strike 0-2: Ball 1-2: Foul Ball, location: 2F 1-2: Strikes out looking
|
Pitching: RHP Mike Merriman
|
|
Batting: RHB Rick Linders
|
0-0: Ball 1-0: Fly out, F8 (Flyball, 8RD, EV 98.1 MPH)
|
Batting: RHB Jim Conrad
|
0-0: Foul Ball, location: 2F 0-1: Swinging Strike 0-2: Ball 1-2: Strikes out swinging
|
Bottom of the 7th over - 0 runs, 0 hits, 0 errors, 0 left on base; Lansing 1 - Beloit 2 |
TOP OF THE 8TH |
Lansing Lugnuts batting - Pitching for Beloit Snappers : RHP Roberto Benavides
|
Pitching: RHP C.J. Ledger
|
|
Batting: RHB Darren McCarty Jr.
|
0-0: Ball 1-0: Called Strike 1-1: Swinging Strike 1-2: Strikes out swinging
|
Pinch Hitting: LHB Roger Escareno
|
0-0: Called Strike 0-1: Ball 1-1: Ball 2-1: Called Strike 2-2: Ball 3-2: Foul Ball, location: 2F 3-2: Foul Ball, location: 2F 3-2: Foul Ball, location: 2F 3-2: Foul Ball, location: 2F 3-2: Fly out, F4 (Popup, 34, EV 56.2 MPH)
|
Batting: RHB Finn Ross
|
0-0: Foul Ball, location: 2F 0-1: DOUBLE (Line Drive, 8RXD, EV 112.5 MPH)
|
Pitching: LHP Jimmy Ford
|
|
Batting: RHB B.J. Worthy
|
0-0: Swinging Strike 0-1: Called Strike 0-2: Strikes out swinging
|
Top of the 8th over - 0 runs, 1 hit, 0 errors, 1 left on base; Lansing 1 - Beloit 2 |
BOTTOM OF THE 8TH |
Beloit Snappers batting - Pitching for Lansing Lugnuts : RHP Mike Merriman
|
Now at 3B: Roger Escareno
|
|
Batting: RHB Willie de los Santos
|
0-0: SINGLE (Groundball, 6MD, EV 108.8 MPH) (infield hit)
|
Batting: RHB Dan Boylan
|
0-0: Called Strike Willie de los Santos steals 2nd base (no throw) 0-1: Ground out 4-3 (Groundball, 4MD, EV 102.5 MPH) Willie de los Santos to third
|
Batting: RHB Diwan Abdul-Salam
|
0-0: Ball 1-0: Foul Ball, location: 2F 1-1: Fly out, F8 (Flyball, 8LM, EV 93.8 MPH) Runner from 3rd tags up, SCORES, throw by CF
|
Batting: RHB Scott Wiggs
|
0-0: SOLO HOME RUN (Flyball, 9LD, EV 91.9 MPH), Distance : 337 ft
|
Batting: RHB Manny Vizzerra
|
0-0: Called Strike 0-1: Ball 1-1: Ball 2-1: Called Strike 2-2: Foul Ball, location: 2F 2-2: Ball 3-2: Base on Balls
|
Batting: RHB Kyle Waters
|
0-0: Ball 1-0: Ball 2-0: Foul Ball, location: 2F 2-1: Foul Ball, location: 2F 2-2: Strikes out looking
|
Bottom of the 8th over - 2 runs, 2 hits, 0 errors, 1 left on base; Lansing 1 - Beloit 4 |
TOP OF THE 9TH |
Lansing Lugnuts batting - Pitching for Beloit Snappers : LHP Jimmy Ford
|
Pitching: RHP Ubbe Dekker
|
|
Batting: SHB Jose Garcia
|
0-0: DOUBLE (Line Drive, 89D, EV 108.8 MPH)
|
Batting: RHB Takanibu Kaneshiro
|
0-0: Ball 1-0: Swinging Strike 1-1: Ground out 6-3 (Groundball, 6MD, EV 80.0 MPH) Jose Garcia to third
|
Batting: LHB Dan Martinez
|
0-0: Called Strike 0-1: Ball Wild Pitch! Jose Garcia scores 1-1: Ball 2-1: Fly out, F8 (Line Drive, 8RD, EV 105.6 MPH)
|
Batting: LHB David Ramirez
|
0-0: Swinging Strike 0-1: Ball 1-1: Swinging Strike 1-2: Strikes out swinging
|
Top of the 9th over - 1 run, 1 hit, 0 errors, 0 left on base; Lansing 2 - Beloit 4 |
|